 Dungeon Crawl Stone Soup version 0.27-a0-1193-g8631133539 (webtiles) character file.

Game seed: 5270029436875178688

298 rjrrt the Cudgeller (level 6, -2/59 HPs)
             Began as a Troll Berserker on May 27, 2021.
             Was a Priest of Trog.
             Shot with an arrow by a centaur (8 damage)
             ... on level 4 of the Dungeon.
             The game lasted 00:04:22 (1859 turns).

rjrrt the Cudgeller (Troll Berserker)               Turns: 1859, Time: 00:04:22

Health: -2/59      AC:  8    Str: 28    XL:     6   Next: 13%
Magic:  0/5        EV: 10    Int:  3    God:    Trog [***...]
Gold:   53         SH:  0    Dex:  9    Spells: 5/5 levels left

rFire    . . .     SeeInvis .   a - +0 flail
rCold    . . .     Faith    .   (no shield)
rNeg     . . .     Spirit   +   b - +0 animal skin
rPois    .         Reflect  .   (helmet restricted)
rElec    .         Harm     .   (no cloak)
rCorr    .         Rampage  .   (gloves unavailable)
Will     ++...                  (boots unavailable)
Stlth    +.........             o - amulet of guardian spirit
HPRegen  2.19/turn              i - +4 ring of protection
MPRegen  0.09/turn              (no ring)

@: strong-willed, regenerating
A: large, unfitting armour, claws 3, regeneration 1, shaggy fur 1, tough skin 1
a: Renounce Religion, Berserk, Trog's Hand


You were on level 4 of the Dungeon.
You worshipped Trog.
Trog was most pleased with you.
You visited 1 branch of the dungeon, and saw 4 of its levels.

You collected 53 gold pieces.

Inventory:

Hand Weapons
 a - a +0 flail (weapon)
Missiles
 j - 4 boomerangs (quivered)
Armour
 b - a +0 animal skin (worn)
Jewellery
 i - a +4 ring of protection (left claw)
 o - an amulet of guardian spirit (around neck)
Wands
 k - a wand of paralysis (9)
Scrolls
 c - a scroll of identify {unknown}
 d - 2 scrolls of magic mapping {unknown}
 f - a scroll of blinking {unknown}
 h - a scroll of teleportation {unknown}
Potions
 e - a potion of heal wounds {unknown}
 g - a potion of lignification {unknown}
 l - a potion of curing {unknown}
 m - a potion of attraction {unknown}
 n - a potion of ambrosia {unknown}


   Skills:
 + Level 2.8 Fighting
 * Level 5.8 Maces & Flails
 + Level 1.2 Throwing
 - Level 2.4 Dodging


You had 5 spell levels left.
You didn't know any spells.
Your spell library was empty.

Dungeon Overview and Level Annotations

Branches:
Dungeon (4/15)
 Temple: D:4-7

Altars:
Elyvilon
The Shining One

Shops:
D:2 :   D:4 (


Innate Abilities, Weirdness & Mutations

You are too large for most types of armour.
You have claws for hands.
Your natural rate of healing is unusually fast.
You are covered in fur. (AC +1)
You have tough skin. (AC +1)


Message History

The adder hisses angrily.
You hit the centaur.
The centaur is moderately wounded.
The centaur hits you but does no damage.
The centaur closely misses you.
An orc wizard comes into view. It is wielding a +0 dagger.
The centaur closely misses you.
The centaur kicks you but does no damage.
The centaur wields a +0 shortbow.
The centaur shoots an arrow.
The arrow hits you.
The centaur shoots an arrow.
The arrow hits you!
The centaur shoots an arrow.
The arrow closely misses you.
An orc comes into view. It is wielding a +0 falchion.
There is an abandoned shop here.
The orc priest invokes the aid of Beogh against you.
Pain shoots through your body!
The centaur shoots an arrow.
The arrow hits you!
A dart slug comes into view.
The orc priest mumbles some strange prayers to Beogh against you.
Pain shoots through your body!
* * * LOW HITPOINT WARNING * * *
The centaur shoots an arrow.
The arrow hits you.
* * * LOW HITPOINT WARNING * * *
A goblin comes into view. It is wielding a +0 club.
The goblin shouts!
The dart slug launches a dart at you.
The slug dart hits you but does no damage.
The centaur shoots an arrow.
The arrow barely misses you.
Unknown command.
The centaur shoots an arrow.
The arrow hits you.
* * * LOW HITPOINT WARNING * * *
The centaur shoots an arrow.
The arrow hits you.
* * * LOW HITPOINT WARNING * * *
The centaur shoots an arrow.
The arrow closely misses you.
Your skin crawls.
You feel strong-willed.
The orc priest mumbles some strange prayers to Beogh against you.
Beogh smites you!
* * * LOW HITPOINT WARNING * * *
The centaur shoots an arrow.
The arrow hits you!
You die...

....So#S......#
....oc.∩coc.###
#..##...##.$##
##.##∩.∩##og.##
#.######.....##
#.. #.###..##
#..# #.# ##..##
#..# #.. ##..#
#..##.w# ##@#
#g.. ### ...


You could see a centaur, an orc priest, an orc and a goblin.

Vanquished Creatures
  A phantom (D:2)
  A scorpion (D:4)
  A gnoll shaman (D:3)
  4 gnolls
  2 adders
  3 dart slugs
  An orc (D:3)
  4 ball pythons
  9 bats
  5 endoplasms
  7 goblins
  5 hobgoblins
  5 jackals (D:1)
  8 kobolds
  5 quokkas
  A frilled lizard (D:2)
  9 rats
71 creatures vanquished.

Notes
Turn   | Place    | Note
-------+----------+-------------------------------------------
     0 | D:1      | rjrrt the Troll Berserker began the quest for the Orb.
     0 | D:1      | Reached XP level 1. HP: 22/22 MP: 0/0
   104 | D:1      | Reached skill level 3 in Maces & Flails
   116 | D:1      | Reached XP level 2. HP: 29/29 MP: 1/1
   232 | D:1      | Reached skill level 4 in Maces & Flails
   232 | D:1      | Reached XP level 3. HP: 36/36 MP: 2/2
   307 | D:1      | Reached ** piety under Trog
   364 | D:1      | Identified the Grimoire of Sinister Fire
   838 | D:2      | Found a glowing golden altar of the Shining One.
   876 | D:2      | Found Guto's Book Emporium.
   890 | D:2      | Noticed a phantom
   914 | D:2      | Killed a phantom
   915 | D:2      | Reached skill level 5 in Maces & Flails
   915 | D:2      | Reached XP level 4. HP: 44/44 MP: 3/3
   915 | D:2      | Reached XP level 5. HP: 50/50 MP: 4/4
  1248 | D:3      | Reached *** piety under Trog
  1349 | D:3      | Found a white marble altar of Elyvilon.
  1568 | D:3      | Reached skill level 1 in Throwing
  1588 | D:3      | Found a faded altar of an unknown god.
  1773 | D:4      | Reached XP level 6. HP: 44/59 MP: 5/5
  1826 | D:4      | Found Nicou's Antique Weapon Shoppe.
  1859 | D:4      | Shot with an arrow by a centaur

Illustrated notes

Levels and vault maps discovered:
D:1:      dpeg_arrival_chambers_temple_mockup, layout_basic, minmay_heptomino_h4
D:2:      layout_rooms, serial_shops, nicolae_shop_waterfront, basic_altar
D:3:      minmay_chambers_of_threes, layout_rooms, elyvilon_altar_3,
          hellmonk_ecumenical_altar_blasted, minmay_misc_feat_alley,
          minmay_liquid_box
D:4:      layout_layer_cave, chei_slow_surprise, serial_shops,
          nicolae_shop_competitors_out_of_business

Skill      XL: |  1  2  3  4  5 |
---------------+----------------+-----
Maces & Flails | 3 4 5 |  5.8
Throwing       | 1 |  1.2
Fighting       | |  2.8
Dodging        | |  2.4

Action                   |  1- 3 |  4- 6 || total
-------------------------+-------+-------++-------
Melee: Mace              |   164 |    60 ||   224
       Flail             |       |    32 ||    32
Invok: Berserk           |     1 |     1 ||     2
       Trog's Hand       |       |     1 ||     1
Armor: Animal skin       |   103 |    63 ||   166
Dodge: Dodged            |   151 |    70 ||   221

Table legend: (Time is in decaauts)
 A = Elapsed time spent in this place.
 B = Non-inter-level travel time spent in this place.
 C = Inter-level travel time spent in this place.
 D = Time resting spent in this place.
 E = Time spent auto-exploring this place.
 F = Levels seen in this place.
 G = Mean time per level.
                   A        B        C        D        E       F      G
               +--------+--------+--------+--------+--------+-----+--------+
         Total |   1919 |   1840 |     79 |     14 |   1225 |   4 |  479.8 |
       Dungeon |   1919 |   1840 |     79 |     14 |   1225 |   4 |  479.8 |
               +--------+--------+--------+--------+--------+-----+--------+

Top non-repeatable levels by time:
     D:1: 851 daAuts
     D:3: 578 daAuts
     D:2: 395 daAuts
     D:4: 94 daAuts
